Map: Catalyst LE

Players

Kelazhur - Winner!

  • Race: Terran Terran
  • Spawn Location: 11:00

DeMusliM

  • Race: Terran Terran
  • Spawn Location: 5:00

Event: WCS Valencia 2018

VOD

Have the link to the VOD?

Description

Time

  • Played on: July 12, 2018, 2:43 p.m.
  • Length: 13:13

All games in this series

Show
View Real Time Build Order
Export as new Build Order

Kelazhur Terran - Winner!

Build Orders: 1/1/1, Cyclone Opening, Bio Tank 

Get SALT Encoding   

  12  0:00  SCV  
  13  0:12  SCV  
  14  0:17  Supply Depot  
  14  0:24  SCV  
  14  0:28  Refinery  
  15  0:38  SCV  
  16  0:44  Barracks  
  16  0:50  SCV  
  16  0:54  Refinery  
  17  1:03  SCV  
  18  1:15  SCV  
  19  1:30  Orbital Command  
  19  1:32  Factory  
  19  1:36  Reaper  
  20  1:51  Supply Depot  
  20  1:56  SCV  
  21  2:08  SCV, Reaper  
  23  2:16  Cyclone  
  23  2:19  Starport  
  26  2:23  SCV  
  26  2:29  Supply Depot  
  27  2:35  SCV  
  28  2:41  Barracks Tech Lab  
  28  2:47  SCV  
  28  2:48  Hellion  
  31  2:59  SCV  
  31  3:03  Cloaking Field, Banshee  
  35  3:08  Supply Depot  
  35  3:27  Cyclone  
  35  3:30  Barracks Reactor  
  35  3:32  SCV  
  38  3:42  Command Center  
  38  3:44  SCV  
  39  3:50  Banshee  
  42  3:58  SCV  
  42  3:59  Supply Depot  
  43  4:04  Factory Tech Lab  
  42  4:10  SCV  
  42  4:14  Marine  
  42  4:15  Marine  
  45  4:22  Bunker, SCV  
  46  4:32  Marine x2  
  46  4:34  Siege Tank  
  48  4:40  SCV  
  49  4:48  Refinery  
  49  4:50  Marine  
  49  4:51  Marine  
  51  4:53  Orbital Command  
  51  4:55  Raven  
  51  4:56  SCV  
  51  5:08  SCV  
  55  5:14  Siege Tank  
  55  5:15  Marine x2  
  55  5:19  SCV  
  55  5:21  SCV  
  59  5:26  Supply Depot  
  57  5:31  SCV  
  57  5:33  SCV, Marine x2  
  61  5:38  Command Center  
  61  5:43  SCV  
  61  5:45  SCV  
  63  5:50  Siege Tank  
  63  5:55  SCV  
  67  5:59  Viking x2  
  67  6:03  Supply Depot, SCV  
  72  6:06  Stimpack  
  72  6:08  Marine  
  72  6:09  SCV  
  74  6:16  SCV  
  75  6:22  SCV  
  75  6:25  Siege Tank, Refinery, Marine  
  79  6:26  Supply Depot  
  80  6:33  SCV  
  80  6:38  Barracks  
  80  6:39  SCV, Barracks  
  82  6:44  Starport Reactor  
  82  6:45  SCV  
  83  6:53  Engineering Bay x2, Orbital Command  
  83  6:55  SCV  
  83  6:56  Marine  
  85  7:03  Siege Tank  
  88  7:11  SCV  
  88  7:14  Marine  
  71  7:19  SCV, Orbital Command  
  66  7:26  Terran Infantry Armor Level 1, Terran Infantry Weapons Level 1  
  66  7:28  SCV  
  67  7:30  Marine x2  
  67  7:32  Marine  
  67  7:33  Armory, SCV  
  67  7:35  Siege Tank, Starport Reactor  
  67  7:36  Marine x2  
  76  7:40  SCV  
  77  7:46  Barracks  
  77  7:48  Barracks  
  77  7:49  SCV x2  
  77  7:50  Marine  
  77  7:51  Marine  
  81  7:55  Marine x3  
  81  7:56  SCV  
  85  8:03  SCV  
  80  8:08  Marine x2  
  82  8:12  Marine  
  82  8:13  Marine  
  82  8:14  SCV  
  85  8:23  SCV  
  85  8:24  Marine  
  85  8:26  Medivac x2, Marine x2  
  87  8:27  Combat Shields  
  87  8:28  SCV x2  
  87  8:30  Marine  
  87  8:33  Marine  
  87  8:34  Barracks Reactor  
  90  8:35  Barracks Reactor  
  90  8:36  Supply Depot, SCV  
  90  8:38  Siege Tank  
  90  8:40  SCV x2  
  96  8:42  Marine  
  96  8:44  Marine x2  
  96  8:45  Supply Depot x2  
  96  8:46  Supply Depot  
  96  8:48  SCV  
  100  8:52  Marine x2  
  100  8:53  Missile Turret  
  104  8:58  Medivac x2  
  104  8:59  Supply Depot  
  104  9:00  Marine  
  104  9:02  Terran Vehicle Weapons Level 1, Marine  
  111  9:05  Marine, Refinery  
  111  9:07  Sensor Tower  
  109  9:10  Marine x2  
  109  9:12  Marine x3  
  109  9:13  Marine  
  114  9:18  Marine  
  114  9:19  Marine  
  114  9:23  Marine, Terran Infantry Armor Level 2  
  117  9:25  Barracks  
  117  9:26  Barracks  
  117  9:28  Marine, Barracks  
  117  9:31  Marine  
  118  9:34  Marine  
  118  9:36  Marine  
  118  9:37  Marine x4  
  125  9:41  Marine, Siege Tank  
  125  9:44  Terran Infantry Weapons Level 2  
  129  9:47  SCV x2  
  129  9:48  SCV, Refinery  
  132  9:53  Supply Depot  
  132  9:54  Supply Depot, Marine x5  
  132  9:55  Marine  
  134  10:08  Marine  
  134  10:09  Marine x2  
  134  10:11  Marine  
  134  10:12  Marine x2  
  140  10:14  Marine x2, Siege Tank  
  140  10:16  Marine  
  146  10:22  Marine  
  146  10:27  Marine  
  146  10:28  Marine x4  
  152  10:29  Command Center  
  152  10:30  Marine x3  
  152  10:31  Sensor Tower  
  148  10:37  Marine x3  
  148  10:40  Marine  
  123  10:45  Marine x2  
  124  10:50  Marine  
  124  10:54  Marine x6  
  124  10:55  Marine x2  
  133  10:57  Marine  
  133  11:03  Marine x2  
  135  11:08  Marine  
  135  11:11  Siege Tank, Marine  
  139  11:12  Marine x6  
  139  11:13  Marine  
  139  11:15  Supply Depot  
  147  11:19  Marine  
  147  11:21  Marine  
  149  11:29  Marine x3  
  149  11:30  Marine  
  153  11:35  Marine  
  154  11:43  Siege Tank  
  147  11:47  Marine  
  147  11:48  Marine x2  
  147  11:51  SCV  
  147  11:52  SCV x2  
  137  11:55  Marine x4  
  137  11:59  Marine  
  141  12:03  SCV  
  127  12:09  Marine  
  127  12:10  Marine x2  
  127  12:12  Marine  
  127  12:13  Marine  
  127  12:15  Viking, Siege Tank  
  141  12:19  Marine  
  143  12:25  Marine  
  143  12:26  Command Center, Marine x2  
  141  12:30  Marine  
  141  12:32  Marine  
  141  12:36  Marine  
  144  12:40  Marine x5  
  149  12:49  Marine x5  
  149  12:50  Marine  
  154  12:54  Marine  
Show
View Real Time Build Order
Export as new Build Order

DeMusliM Terran 

Build Orders: Cyclone Opening, MMM Bio 

Get SALT Encoding   

  12  0:00  SCV  
  13  0:12  SCV  
  14  0:17  Supply Depot  
  14  0:25  SCV  
  15  0:28  Refinery  
  15  0:38  SCV  
  16  0:44  Barracks  
  16  0:50  SCV  
  16  0:56  Refinery  
  17  1:03  SCV  
  18  1:15  SCV  
  19  1:32  Factory, Orbital Command  
  19  1:35  Reaper  
  20  1:47  Supply Depot  
  20  1:58  SCV  
  21  2:10  SCV, Barracks Reactor  
  22  2:19  Cyclone  
  22  2:22  SCV  
  26  2:35  SCV  
  26  2:36  Command Center  
  27  2:40  Supply Depot  
  27  2:47  SCV  
  28  3:00  Cyclone  
  28  3:02  Cyclone, SCV  
  35  3:10  Supply Depot  
  35  3:18  SCV  
  35  3:30  SCV  
  35  3:32  Cyclone  
  39  3:41  Cyclone  
  42  3:42  SCV  
  43  3:50  Barracks Tech Lab, Engineering Bay  
  43  3:54  SCV  
  44  4:00  Orbital Command  
  44  4:06  SCV  
  45  4:16  Missile Turret x2  
  45  4:18  SCV  
  43  4:29  SCV  
  43  4:30  SCV  
  40  4:41  SCV  
  40  4:42  SCV  
  42  4:46  Stimpack  
  42  4:53  SCV  
  42  4:54  SCV  
  44  5:05  SCV  
  44  5:06  SCV  
  46  5:12  Command Center  
  46  5:17  SCV  
  46  5:19  SCV  
  48  5:27  Factory Reactor, Barracks  
  48  5:28  Barracks  
  48  5:29  SCV  
  48  5:31  SCV  
  50  5:39  Engineering Bay  
  50  5:41  SCV  
  51  5:43  SCV  
  51  5:47  Marine  
  51  5:49  Terran Infantry Weapons Level 1  
  53  5:52  Starport  
  53  5:53  SCV  
  53  5:55  SCV  
  55  5:59  Refinery x2  
  55  6:05  Marine  
  55  6:07  SCV  
  55  6:08  SCV  
  55  6:09  Terran Infantry Armor Level 1  
  58  6:13  Factory Reactor  
  58  6:21  SCV x2  
  58  6:23  Marine  
  58  6:25  Marine x3  
  63  6:26  Marine  
  63  6:28  Orbital Command  
  64  6:32  Supply Depot  
  64  6:33  SCV  
  64  6:38  SCV  
  64  6:39  Barracks  
  66  6:40  Barracks  
  66  6:41  Marine  
  66  6:43  Marine x2  
  66  6:46  Combat Shields, Marine  
  70  6:47  Marine  
  71  6:55  Armory  
  71  6:56  Supply Depot  
  71  6:59  Factory Tech Lab  
  71  7:03  Marine  
  71  7:04  Marine x2  
  71  7:05  Medivac x2  
  76  7:12  SCV  
  40  7:16  Marine x2  
  40  7:19  SCV  
  40  7:21  Marine x2  
  37  7:24  SCV, Orbital Command  
  39  7:31  Barracks Reactor x2, SCV  
  39  7:34  Marine x2  
  39  7:36  SCV  
  41  7:40  Marine x2  
  41  7:41  Marine  
  41  7:43  SCV  
  45  7:48  SCV  
  46  7:51  SCV  
  46  7:52  Marine x2  
  46  7:56  SCV  
  46  7:58  Marine  
  51  8:00  SCV  
  51  8:01  Marine x2  
  54  8:07  SCV  
  54  8:09  Marine x2  
  54  8:10  Terran Infantry Weapons Level 2  
  57  8:13  SCV  
  57  8:16  Marine  
  59  8:25  Marine x3, Terran Infantry Armor Level 2  
  59  8:33  SCV x2  
  59  8:37  Marine x6  
  65  8:42  Medivac, Marine  
  65  8:43  Marine  
  65  8:45  SCV x2  
  71  8:49  Marine  
  71  8:52  Medivac  
  74  8:57  SCV x2, Marine x3  
  74  8:59  Orbital Command  
  74  9:01  Siege Tank  
  82  9:04  Marine  
  82  9:05  Marine  
  82  9:09  SCV  
  85  9:11  Marine x2  
  85  9:12  Marine  
  85  9:14  Medivac  
  90  9:17  SCV  
  90  9:18  Supply Depot  
  90  9:21  Marine  
  92  9:24  Marine  
  92  9:25  Supply Depot  
  92  9:28  Supply Depot  
  93  9:39  Marine x2  
  93  9:40  SCV x3, Siege Tank  
  101  9:47  Medivac, Marine x2  
  101  9:49  Supply Depot  
  101  9:50  Marine  
  101  9:52  SCV  
  107  9:53  SCV  
  107  9:54  Terran Vehicle Weapons Level 1  
  107  9:59  Marine  
  109  10:05  Marine  
  108  10:08  Medivac  
  108  10:12  Supply Depot, Siege Tank  
  113  10:16  Supply Depot x2  
  113  10:17  Medivac, Marine x2  
  113  10:20  SCV x2  
  119  10:21  SCV  
  119  10:24  Marine  
  119  10:27  Marine x3  
  124  10:30  Terran Infantry Weapons Level 3  
  124  10:34  Supply Depot  
  122  10:35  Supply Depot  
  98  10:43  Marine  
  98  10:45  Marine x2  
  98  10:47  Marine x2  
  103  10:51  Supply Depot  
  103  10:52  Marine x2  
  103  10:53  Refinery  
  105  10:58  Marine x2  
  105  11:01  Marine  
  105  11:03  SCV  
  109  11:11  Marine x2  
  109  11:14  Supply Depot  
  109  11:15  Marine x2  
  109  11:17  Marine x2  
  115  11:21  SCV x2  
  115  11:23  Marine  
  115  11:24  Marine  
  115  11:25  Marine  
  120  11:29  Marine x2  
  122  11:33  Marine, Siege Tank  
  122  11:34  Medivac x2  
  130  11:46  Marine x2  
  127  11:47  Marine x2  
  127  11:50  SCV  
  127  11:51  Marine x2  
  115  11:55  Marine  
  115  11:56  Marine x2  
  115  12:04  Marine x2  
  115  12:05  Marine x2  
  109  12:16  Marine  
  109  12:17  Marine x3  
  109  12:18  Marine  
  109  12:21  Medivac, Siege Tank  
  109  12:22  Medivac, Marine x2  
  123  12:23  Marine x2  
  123  12:26  Refinery  
  125  12:34  Marine x3  
  125  12:35  Marine  
  125  12:36  Marine  
  130  12:40  Marine x3  
  130  12:41  Marine  
  134  12:52  Marine x3  
  134  12:53  Marine  
  134  12:54  Marine  
Tags
 
Add a new tag
Caveats
  • Supply blocks, unpowered buildings, or Contaminate may cause inaccurate times.
  • Supply counts are checked every 10 seconds.